AoeStats
← Chris77A

Black Forest

503433183Analyzed
2v2 RM · 1mo ago on Aug 31, 2026· 57m 35s· 4 players
Game mode
Random Map
Map size
Medium (4 player)
Population
200
Speed
Normal
Resources
Standard
Victory
Conquest
Starting age
Dark Age
Ending age
Imperial Age
RankedLock teamsTeams togetherTeam positionsShared explorationLock speedFull tech treeHidden civsTurbo modeCheats
Victory
Defeat
🇷🇺 Celts · Russia
1243
+15
🇷🇺 Malians · Russia
1228
+16
🇬🇧 Bohemians · United Kingdom
1261
-17
🇬🇧 Teutons · United Kingdom
1203
-15
Chris77A
1:02 Loom
13:42 Feudal Age
16:08 Double-Bit Axe
18:30 Castle Age
20:49 Bow Saw
20:40 Fishing Lines
23:50 Horse Collar
25:57 Gillnets
27:59 Scale Mail Armor
28:41 Squires
29:00 Chain Mail Armor
32:01 Wheelbarrow
34:03 Imperial Age
32:26 Wheelbarrow
32:40 Fletching
33:01 Forging
33:49 Gold Mining
34:26 Hand Cart
35:47 Chemistry
35:56 Two-Man Saw
34:55 Bodkin Arrow
35:46 Conscription
36:30 Masonry
37:08 Plate Mail Armor
36:12 Pikeman
37:10 Halberdier
37:36 Arson
39:07 Crenellations
39:54 Ironclad
38:58 Onager
39:50 Padded Archer Armor
40:55 Leather Archer Armor
41:17 Iron Casting
41:07 Elite Skirmisher
42:43 Ballistics
42:29 Siege Engineers
43:15 Ring Archer Armor
43:41 Hoardings
44:19 Blast Furnace
46:17 Cavalier
47:07 Bloodlines
47:44 Scale Barding Armor
47:28 Paladin
49:21 Chain Barding Armor
56:34 Caravan
DrunkMonk
4:05 Loom
11:47 Feudal Age
13:14 Double-Bit Axe
15:41 Forging
21:13 Castle Age
19:13 Horse Collar
20:59 Fletching
23:05 Scale Barding Armor
25:19 Chemistry
31:22 Wheelbarrow
33:12 Town Watch
34:12 Bow Saw
36:41 Masonry
39:41 Imperial Age
40:26 Hand Cart
41:25 Ballistics
41:24 Siege Engineers
42:35 Two-Man Saw
41:43 Fishing Lines
42:20 Caravan
43:06 Conscription
42:53 Murder Holes
43:12 Elite Skirmisher
43:56 Bodkin Arrow
44:02 Padded Archer Armor
44:39 Iron Casting
43:42 Pikeman
44:08 Arson
45:15 Squires
45:22 Bracer
45:54 Houfnice
49:10 Fervor
49:23 Sanctity
49:01 Light Cavalry
49:42 Husbandry
50:04 Leather Archer Armor
50:09 Chain Barding Armor
54:12 Ring Archer Armor
54:43 Blast Furnace
53:40 Halberdier
55:56 Scale Mail Armor
GabbyMister
1:12 Loom
12:42 Feudal Age
16:28 Castle Age
15:43 Horse Collar
22:37 Wheelbarrow
22:44 Pikeman
24:33 Double-Bit Axe
29:24 Hand Cart
29:03 Gold Mining
29:03 Stone Mining
30:47 Bow Saw
30:41 Heavy Plow
39:57 Imperial Age
39:31 Gold Shaft Mining
39:32 Stone Shaft Mining
40:11 Caravan
41:00 Onager
42:21 Siege Onager
43:08 Arson
44:33 Conscription
43:36 Halberdier
44:40 Forging
44:30 Scale Mail Armor
46:12 Chemistry
45:17 Siege Engineers
50:42 Capped Ram
50:53 Capped Ram
52:20 Furor Celtica
51:38 Siege Ram
54:41 Elite Woad Raider
MisterGabby
8:49 Loom
10:35 Feudal Age
16:37 Castle Age
17:12 Double-Bit Axe
25:18 Wheelbarrow
26:47 Town Watch
29:10 Hand Cart
30:04 Gold Mining
33:09 Imperial Age
34:14 Gold Shaft Mining
33:53 Bow Saw
33:40 Stone Mining
35:20 Chemistry
35:39 Hoardings
35:49 Stone Shaft Mining
37:15 Town Patrol
38:06 Guilds
41:04 Masonry
40:57 Fletching
48:02 Bodkin Arrow
49:43 Architecture
49:34 Ballistics
50:41 Forging
50:37 Scale Barding Armor
50:36 Farimba
50:36 Heavy Camel Rider
51:27 Bloodlines
51:18 Husbandry
52:47 Conscription
53:49 Iron Casting
53:35 Chain Barding Armor
56:16 Light Cavalry
Connection lost

Rejoining the realm…

Still unreachable

The connection could not be restored.

Session expired

The server has moved on; the page needs a fresh start.